% Time on Ice - BANFF WOLVES
Lines # - Real PCT - Wanted PCT - Time Play
Normal Forward
1 - 34% - 36% - 16:30
2 - 32% - 31% - 15:28
3 - 25% - 23% - 12:19
4 - 10% - 10% - 4:49
Normal Defense
1 - 35% - 36% - 17:18
2 - 29% - 31% - 14:23
3 - 32% - 23% - 15:39
4 - 4% - 10% - 1:46
PP Forward
1 - 64% - 55% - 3:09
2 - 36% - 45% - 1:48
PP Defense
1 - 57% - 55% - 2:50
2 - 43% - 45% - 2:07
PK Forward
1 - 51% - 55% - 2:32
2 - 49% - 45% - 2:25
PK Defense
1 - 77% - 55% - 3:48
2 - 23% - 45% - 1:09
PK3 Forward
1 - 0% - 55%
2 - 0% - 45%
PK3 Defense
1 - 0% - 55%
2 - 0% - 45%
44 Forward
1 - 100% - 55% - 1:00
2 - 0% - 45% - 0:00
44 Defense
1 - 0% - 55% - 0:00
2 - 100% - 45% - 1:00
Last Minute Offensive  - 0:00
Last Minute Defensive  - 0:00
Total
Forward - 60:00
Defense - 60:00
% Time on Ice - KANSAS CITY KILLERBEES
Lines # - Real PCT - Wanted PCT - Time Play
Normal Forward
1 - 32% - 36% - 15:44
2 - 28% - 31% - 13:57
3 - 26% - 23% - 12:45
4 - 14% - 10% - 6:40
Normal Defense
1 - 35% - 36% - 17:05
2 - 34% - 34% - 16:27
3 - 28% - 22% - 13:56
4 - 3% - 8% - 1:38
PP Forward
1 - 54% - 55% - 2:40
2 - 46% - 45% - 2:17
PP Defense
1 - 65% - 55% - 3:14
2 - 35% - 45% - 1:43
PK Forward
1 - 56% - 55% - 2:47
2 - 44% - 45% - 2:10
PK Defense
1 - 60% - 55% - 2:59
2 - 40% - 45% - 1:58
PK3 Forward
1 - 0% - 55%
2 - 0% - 45%
PK3 Defense
1 - 0% - 55%
2 - 0% - 45%
44 Forward
1 - 72% - 55% - 0:43
2 - 28% - 45% - 0:17
44 Defense
1 - 28% - 55% - 0:17
2 - 72% - 45% - 0:43
Last Minute Offensive  - 0:00
Last Minute Defensive  - 0:00
Total
Forward - 60:00
Defense - 60:00
Play-by-Play 1st period 0:01 of 1st period - Elias Lindholm wins face-off versus Boone Jenner in neutral zone. 0:13 of 1st period - Icing by Mattias Ekholm. 0:14 of 1st period - Boone Jenner wins face-off versus Joel Eriksson Ek in KANSAS CITY KILLERBEES zone. 0:24 of 1st period - Icing by Quinton Hughes. 0:25 of 1st period - Tyler Johnson wins face-off versus Joel Eriksson Ek in BANFF WOLVES zone. 1:11 of 1st period - Icing by Jacob Muzzin. 1:12 of 1st period - Alexis Lafreniere wins face-off versus Jason Dickinson in KANSAS CITY KILLERBEES zone. 1:22 of 1st period - Icing by Jason Dickinson. 1:23 of 1st period - Tyler Toffoli wins face-off versus Morgan Barron in BANFF WOLVES zone. 1:29 of 1st period - Off-side. 1:30 of 1st period - Morgan Barron wins face-off versus Elias Lindholm in neutral zone. 1:37 of 1st period - Shot by Jakub Voracek. 1:37 of 1st period - Shot Misses the Net. 2:10 of 1st period - Shot by Morgan Barron. 2:10 of 1st period - Shot Misses the Net. 3:06 of 1st period - Shot by Philipp Kurashev. 3:06 of 1st period - Shot Misses the Net. 4:15 of 1st period - Icing by Jaret Anderson-Dolan. 4:16 of 1st period - Elias Lindholm wins face-off versus Jaret Anderson-Dolan in KANSAS CITY KILLERBEES zone. 4:29 of 1st period - Shot by Elias Lindholm. 4:29 of 1st period - Stopped by Ilya Samsonov without a rebound. 4:30 of 1st period - Tyler Johnson wins face-off versus Joel Eriksson Ek in KANSAS CITY KILLERBEES zone. 5:12 of 1st period - Shot by Joel Eriksson Ek. 5:12 of 1st period - Stopped by Ilya Samsonov with a rebound. 5:14 of 1st period - Shot by Joel Eriksson Ek. 5:14 of 1st period - Deflect By Roope Hintz. 5:14 of 1st period - Stopped by Ilya Samsonov without a rebound. 5:15 of 1st period - Boone Jenner wins face-off versus Elias Lindholm in KANSAS CITY KILLERBEES zone. 5:19 of 1st period - Icing by James van Riemsdyk. 5:20 of 1st period - Elias Lindholm wins face-off versus James van Riemsdyk in KANSAS CITY KILLERBEES zone. 6:09 of 1st period - Shot by Timo Meier. 6:09 of 1st period - Goal by Timo Meier - BANFF WOLVES : 1 - KANSAS CITY KILLERBEES : 0. 6:10 of 1st period - Tyler Johnson wins face-off versus Logan O'Connor in neutral zone. 6:12 of 1st period - Nicholas Paul is hit by Justin Faulk and loses puck. 6:26 of 1st period - Minor Penalty to Justin Faulk for Holding. 6:27 of 1st period - Nicholas Paul wins face-off versus Adam Erne in BANFF WOLVES zone. 6:40 of 1st period - Shot by Tyler Johnson. 6:40 of 1st period - Deflect By Philipp Kurashev. 6:40 of 1st period - Shot Misses the Net. 6:44 of 1st period - Shot by Tyler Johnson. 6:44 of 1st period - Shot Misses the Net. 6:46 of 1st period - Shot by Nicholas Paul. 6:46 of 1st period - Stopped by Jordan Binnington without a rebound. 6:47 of 1st period - Boone Jenner wins face-off versus Eric Staal in BANFF WOLVES zone. 6:56 of 1st period - Shot by Boone Jenner. 6:56 of 1st period - Shot Misses the Net. 6:58 of 1st period - Shot by Boone Jenner. 6:58 of 1st period - Shot Blocked by Ian Cole. 7:10 of 1st period - Shot by Boone Jenner. 7:10 of 1st period - Deflect By Alexis Lafreniere. 7:10 of 1st period - Shot Misses the Net. 7:18 of 1st period - Shot by Boone Jenner. 7:18 of 1st period - Shot Misses the Net. 7:24 of 1st period - Shot by K'Andre Miller. 7:24 of 1st period - Stopped by Jordan Binnington without a rebound. 7:25 of 1st period - Jason Dickinson wins face-off versus Tyler Johnson in BANFF WOLVES zone. 7:25 of 1st period - Minor Penalty to Nicholas Paul for Interference. 7:26 of 1st period - Joel Eriksson Ek wins face-off versus Boone Jenner in KANSAS CITY KILLERBEES zone. 7:45 of 1st period - Shot by John Tavares. 7:45 of 1st period - Shot Misses the Net. 8:31 of 1st period - Icing by Justin Faulk. 8:32 of 1st period - Boone Jenner wins face-off versus Elias Lindholm in BANFF WOLVES zone. 9:59 of 1st period - Shot by Jaret Anderson-Dolan. 9:59 of 1st period - Shot Blocked by Nick Leddy. 10:01 of 1st period - Shot by Nicolas Aube-Kubel. 10:01 of 1st period - Shot Misses the Net. 10:03 of 1st period - Shot by Jaret Anderson-Dolan. 10:03 of 1st period - Shot Misses the Net. 10:18 of 1st period - Icing by Nicholas Paul. 10:19 of 1st period - Eric Staal wins face-off versus Tyler Johnson in KANSAS CITY KILLERBEES zone. 10:36 of 1st period - Shot by Logan O'Connor. 10:36 of 1st period - Stopped by Ilya Samsonov without a rebound. 10:37 of 1st period - Boone Jenner wins face-off versus Joel Eriksson Ek in KANSAS CITY KILLERBEES zone. 10:37 of 1st period - Boone Jenner is hit by Joel Eriksson Ek. 11:26 of 1st period - Boone Jenner is hit by Miro Heiskanen and loses puck. 12:05 of 1st period - Shot by Morgan Barron. 12:05 of 1st period - Shot Misses the Net. 12:07 of 1st period - Shot by Mattias Ekholm. 12:07 of 1st period - Shot Blocked by Justin Faulk. 12:10 of 1st period - Minor Penalty to Justin Faulk for Roughing. 12:11 of 1st period - Jason Dickinson wins face-off versus Tyler Johnson in BANFF WOLVES zone. 12:20 of 1st period - Shot by Tyler Johnson. 12:20 of 1st period - Shot Misses the Net. 12:22 of 1st period - Shot by K'Andre Miller. 12:22 of 1st period - Shot Misses the Net. 12:46 of 1st period - Eric Staal is hit by Nicholas Paul and loses puck. 12:57 of 1st period - Shot by Alexis Lafreniere. 12:57 of 1st period - Stopped by Jordan Binnington without a rebound. 12:58 of 1st period - Boone Jenner wins face-off versus Jason Dickinson in BANFF WOLVES zone. 13:31 of 1st period - Shot by Boone Jenner. 13:31 of 1st period - Shot Misses the Net. 14:04 of 1st period - Shot by Philipp Kurashev. 14:04 of 1st period - Shot Misses the Net. 14:26 of 1st period - Shot by Elias Lindholm. 14:26 of 1st period - Shot Blocked by Riley Stillman. 14:28 of 1st period - Shot by Timo Meier. 14:28 of 1st period - Shot Misses the Net. 14:50 of 1st period - Shot by John Tavares. 14:50 of 1st period - Stopped by Ilya Samsonov without a rebound. 14:51 of 1st period - Joel Eriksson Ek wins face-off versus Jaret Anderson-Dolan in KANSAS CITY KILLERBEES zone. 15:56 of 1st period - Shot by Tyler Toffoli. 15:56 of 1st period - Shot Misses the Net. 16:07 of 1st period - Shot by Tyler Johnson. 16:07 of 1st period - Shot Misses the Net. 16:11 of 1st period - Shot by Alexis Lafreniere. 16:11 of 1st period - Shot Misses the Net. 18:28 of 1st period - Shot by Mats Zuccarello. 18:28 of 1st period - Shot Misses the Net. 18:30 of 1st period - Shot by Mats Zuccarello. 18:30 of 1st period - Shot Blocked by Jakub Voracek. 18:32 of 1st period - Shot by Justin Faulk. 18:32 of 1st period - Shot Blocked by K'Andre Miller. 18:40 of 1st period - Shot by Mats Zuccarello. 18:40 of 1st period - Shot Blocked by Mattias Ekholm. 19:18 of 1st period - Icing by Mattias Ekholm. 19:19 of 1st period - Eric Staal wins face-off versus Morgan Barron in KANSAS CITY KILLERBEES zone. Goals for this period are 1 for BANFF WOLVES vs 0 for KANSAS CITY KILLERBEES. Shots for this period are 6 for BANFF WOLVES vs 3 for KANSAS CITY KILLERBEES. 2nd period 0:01 of 2nd period - Elias Lindholm wins face-off versus Boone Jenner in neutral zone. 0:16 of 2nd period - Shot by John Tavares. 0:16 of 2nd period - Shot Misses the Net. 0:40 of 2nd period - Shot by James van Riemsdyk. 0:40 of 2nd period - Stopped by Jordan Binnington with a rebound. 0:42 of 2nd period - Shot by Boone Jenner. 0:42 of 2nd period - Stopped by Jordan Binnington without a rebound. 0:43 of 2nd period - Joel Eriksson Ek wins face-off versus Tyler Johnson in BANFF WOLVES zone. 0:50 of 2nd period - Shot by Mats Zuccarello. 0:50 of 2nd period - Shot Misses the Net. 1:41 of 2nd period - Tyler Johnson is hit by Adam Erne. 1:53 of 2nd period - Shot by Logan O'Connor. 1:53 of 2nd period - Shot Misses the Net. 1:55 of 2nd period - Shot by Adam Erne. 1:55 of 2nd period - Stopped by Ilya Samsonov with a rebound. 2:09 of 2nd period - Eric Staal is hit by Alexis Lafreniere and loses puck. 2:43 of 2nd period - Philipp Kurashev is hit by Ian Cole and loses puck. 2:58 of 2nd period - Shot by Boone Jenner. 2:58 of 2nd period - Shot Misses the Net. 3:30 of 2nd period - Shot by John Tavares. 3:30 of 2nd period - Stopped by Ilya Samsonov without a rebound. 3:31 of 2nd period - Morgan Barron wins face-off versus Joel Eriksson Ek in KANSAS CITY KILLERBEES zone. 3:42 of 2nd period - Shot by Roope Hintz. 3:42 of 2nd period - Shot Misses the Net. 3:4